[Event "UKR-ch Men Final 2018"]
[Site "Kiev"]
[Date "2018.12.17"]
[Round "6"]
[White "Kuzubov, Yuriy"]
[Black "Moiseenko, Alexander"]
[Result "1-0"]
[ECO "E04"]
[WhiteElo "2655"]
[BlackElo "2640"]
[Annotator "RC"]
[PlyCount "77"]
[EventDate "2018.12.11"]
[EventType "tourn"]
[EventCountry "UKR"]
[SourceTitle "playchess.com"]
[Source "ChessBase"]
[SourceQuality "1"]
[TimeControl "40/5400+30:1800+30"]

1. d4 Nf6 2. c4 e6 3. Nf3 d5 4. g3 dxc4 5. Bg2 Bb4+ 6. Bd2 c5 7. O-O O-O 8. dxc5 Bxc5 9. Qc2 Nbd7 10. Qxc4 b5 11. Qxb5 Rb8 12. Qc4 Rxb2 13. Qc1 Rb6 14. Nc3 Ba6 15. Na4 Rb5 16. Rd1 Qe7 17. Nxc5 Qxc5 18. Qxc5 Nxc5 19. Nd4 Rb2 20. Bc1 Rb6 21. Ba3 Rc8 22. Nc6 Rbxc6 23. Bxc6 h5 24. Bf3 Nce4 25. Rdc1 Rd8 26. Rc2 Nd2 27. Be7 Nxf3+ 28. exf3 Rd3 29. Bxf6 gxf6 30. Rc7 Rxf3 31. a4 Rd3 32. Rxa7 Rd6 33. a5 Kg7 34. Ra8 h4 35. Rb8 hxg3 36. hxg3 Rd5 37. Rb6 Be2 38. a6 Bf3 39. Rb3 1-0

[Event "UKR-ch Men Final 2018"]
[Site "Kiev"]
[Date "2018.12.18"]
[Round "7"]
[White "Moiseenko, Alexander"]
[Black "Baklan, Vladimir"]
[Result "0-1"]
[ECO "E12"]
[WhiteElo "2640"]
[BlackElo "2608"]
[Annotator "RC"]
[PlyCount "78"]
[EventDate "2018.12.11"]
[EventType "tourn"]
[EventCountry "UKR"]
[SourceTitle "playchess.com"]
[Source "ChessBase"]
[SourceQuality "1"]
[TimeControl "40/5400+30:1800+30"]

1. d4 Nf6 2. c4 e6 3. Nf3 b6 4. a3 Bb7 5. Nc3 d5 6. cxd5 Nxd5 7. e3 Nxc3 8. bxc3 Bd6 9. Bd3 c5 10. e4 cxd4 11. cxd4 O-O 12. e5 Be7 13. h4 Bxf3 14. gxf3 Nc6 15. Be3 f5 16. exf6 Bxf6 17. Bxh7+ Kxh7 18. Qc2+ Kh8 19. Qxc6 Bxd4 20. Rd1 e5 21. Qe4 Qf6 22. Ke2 Rac8 23. Rhg1 Rc4 24. f4 Qf7 25. Qg6 Bxe3 26. fxe3 exf4 27. Rd8 Rc2+ 28. Ke1 Rc1+ 29. Rd1 Rxd1+ 30. Kxd1 Rd8+ 31. Ke1 Qxg6 32. Rxg6 Re8 33. Kf2 Rxe3 34. Rg4 Rxa3 35. Rxf4 a5 36. h5 Kh7 37. Rg4 Rb3 38. Ke2 Rb5 39. Rg6 a4 0-1